 Dungeon Crawl Stone Soup version 0.24-a0-408-gcc1054c7ca (webtiles) character file.

Game seed: 13692520181270135

244740 PentaManta the Sniper (level 20, -5/140 HPs)
             Began as a Halfling Hunter on June 5, 2019.
             Was the Champion of Okawaru.
             Splashed with acid (21 damage)
             ... on level 2 of the Pits of Slime.
             The game lasted 03:25:23 (50942 turns).

PentaManta the Sniper (Halfling Hunter)            Turns: 50942, Time: 03:25:24

Health: -5/140     AC: 28    Str: 15    XL:     20   Next: 24%
Magic:  20/20      EV: 27    Int: 11    God:    Okawaru [******]
Gold:   2543       SH:  0    Dex: 27    Spells: 19/19 levels left

rFire    + + .     SeeInvis +   j - +3 fustibalus (freeze)
rCold    . . .     Gourm    .   (shield restricted)
rNeg     . . .     Faith    +   z - +8 fire dragon scales of the Dolphin {rF++ rC- Stlth+}
rPois    .         Spirit   .   Z - +1 helmet of the Slorg {MR- rCorr SInv}
rElec    .         Reflect  .   P - scarf {rC+ rF+}
rCorr    +         Harm     .   k - -1 pair of gloves of Compassion {rF- Regen+ Str-4 Dex+9}
MR       +....                  D - +2 pair of boots {run}
Stlth    +.........             J - amulet of faith
HPRegen  0.73/turn              T - ring "Ceewaux" {MR+ Int+2 SInv}
MPRegen  0.17/turn              S - ring of resist corrosion

@: confused, quick
A: small, mutation resistance 1
}: 2/15 runes: barnacled, gossamer
a: Heroism, Finesse, Renounce Religion


You were on level 2 of the Pits of Slime.
You worshipped Okawaru.
Okawaru was exalted by your worship.
You were not hungry.

You visited 7 branches of the dungeon, and saw 34 of its levels.
You also visited: Sewer and Ice Cave.

You collected 3371 gold pieces.
You spent 828 gold pieces at shops.

Inventory:

Hand Weapons
 j - a +3 fustibalus of freezing (weapon)
 s - a +1 arbalest of velocity
Missiles
 b - a throwing net
 d - 223 sling bullets
 g - 207 stones (quivered)
 C - a curare-tipped dart
 I - 43 poisoned darts
Armour
 k - the -1 pair of gloves of Compassion (worn) {rF- Regen+ Str-4 Dex+9}
   (Okawaru gifted it to you in an ice cave)

   It affects your strength (-4).
   It affects your dexterity (+9).
   It makes you vulnerable to fire.
   It increases your rate of regeneration.
 z - the +8 fire dragon scales of the Dolphin (worn) {rF++ rC- Stlth+}
   (You found it in an ice cave)

   It greatly protects you from fire.
   It makes you vulnerable to cold.
   It makes you more stealthy.
 D - a +2 pair of boots of running (worn)
 P - a scarf of resistance (worn)
 V - the +2 cloak "Raihuup" {rN+ MP-9 Int+8}
   (Okawaru gifted it to you on level 9 of the Dungeon)

   It affects your intelligence (+8).
   It protects you from negative energy.
   It affects your magic capacity (-9).
 Z - the +1 helmet of the Slorg (worn) {MR- rCorr SInv}
   (Okawaru gifted it to you on level 5 of the Lair of Beasts)

   It affects your resistance to hostile enchantments.
   It lets you see invisible.
   It provides partial protection from all sources of acid and corrosion.
Jewellery
 n - an uncursed ring of protection from cold
 u - an uncursed ring of poison resistance
 B - an uncursed ring of protection from magic
 J - an amulet of faith (around neck)
 Q - an uncursed ring of positive energy
 S - a ring of resist corrosion (right hand)
 T - the ring "Ceewaux" (left hand) {MR+ Int+2 SInv}
   (You found it on level 9 of the Dungeon)

   [ring of protection from magic]

   It affects your intelligence (+2).
   It affects your resistance to hostile enchantments.
   It lets you see invisible.
Wands
 l - a wand of paralysis (15)
 m - a wand of polymorph (20)
 F - a wand of acid (8)
 M - a wand of random effects (52)
 N - a wand of enslavement (26)
 O - a wand of iceblast (6)
 Y - a wand of clouds (4)
Scrolls
 a - a scroll of holy word
 c - 14 scrolls of identify
 i - a scroll of summoning
 o - 4 scrolls of magic mapping
 q - 2 scrolls of enchant weapon
 r - 10 scrolls of fog
 y - 5 scrolls of teleportation
 G - 13 scrolls of remove curse
 H - 11 scrolls of amnesia
 R - 2 scrolls of blinking
 X - 2 scrolls of fear
Potions
 e - 2 potions of berserk rage
 h - 3 potions of lignification
 p - 6 potions of haste
 t - a potion of curing
 v - 11 potions of might
 A - 3 potions of resistance
 E - a potion of mutation
 K - 5 potions of agility
 L - a potion of invisibility
Miscellaneous
 w - a phantom mirror
 W - a phial of floods
Comestibles
 f - 49 rations


   Skills:
 + Level 13.2 Fighting
 - Level 14.0 Slings
 * Level 21.7 Crossbows
 - Level 16.0 Armour
 - Level 16.0 Dodging
 - Level 1.1 Stealth


You had 19 spell levels left.
You didn't know any spells.
Your spell library contained the following spells:

 Spells                   Type           Power        Failure   Level  Hunger
 Freeze                   Ice            #...         71%         1    ##.....
 Magic Dart               Conj           #...         71%         1    ##.....
 Sandblast                Erth           #.....       71%         1    ##.....
 Shock                    Conj/Air       #...         71%         1    ##.....
 Summon Small Mammal      Summ           #...         71%         1    ##.....
 Blink                    Tloc           N/A          85%         2    ###....
 Call Imp                 Summ           #.......     85%         2    ###....
 Ensorcelled Hibernation  Hex/Ice        #.....       85%         2    ###....
 Passwall                 Tmut/Erth      #.......     85%         2    ###....
 Shroud of Golubria       Chrm/Tloc      #.....       85%         2    ###....
 Slow                     Hex            #.......     85%         2    ###....
 Sticks to Snakes         Tmut           #.......     85%         2    ###....
 Swiftness                Chrm/Air       #.......     85%         2    ###....
 Throw Frost              Conj/Ice       #.....       85%         2    ###....
 Call Canine Familiar     Summ           #.......     97%         3    ####...
 Conjure Flame            Conj/Fire      #.......     97%         3    ####...
 Gell's Gravitas          Tloc           #.........   97%         3    ####...
 Ignite Poison            Fire/Tmut/Pois #.......     97%         3    ####...
 Lesser Beckoning         Tloc           #.........   97%         3    ####...
 Mephitic Cloud           Conj/Pois/Air  #.......     97%         3    ####...
 Ozocubu's Armour         Chrm/Ice       #.......     97%         3    ####...
 Recall                   Summ/Tloc      N/A          97%         3    ####...
 Static Discharge         Conj/Air       #.......     97%         3    ####...
 Stone Arrow              Conj/Erth      #.....       97%         3    ####...
 Summon Guardian Golem    Hex/Summ       #.......     97%         3    ####...
 Teleport Other           Tloc           #.......     97%         3    ####...
 Airstrike                Air            #.........   100%        4    #####..
 Cause Fear               Hex            #.........   100%        4    #####..
 Passage of Golubria      Tloc           N/A          100%        4    #####..
 Petrify                  Tmut/Erth      #.......     100%        4    #####..
 Summon Ice Beast         Ice/Summ       #.......     100%        4    #####..
 Summon Lightning Spire   Summ/Air       #.......     100%        4    #####..
 Throw Icicle             Conj/Ice       #.......     100%        4    #####..
 Aura of Abjuration       Summ           #.........   100%        5    ######.
 Borgnjor's Vile Clutch   Necr/Erth      #.........   100%        5    ######.
 Lee's Rapid Deconstruct  Erth           #.........   100%        5    ######.
 Lightning Bolt           Conj/Air       #.........   100%        5    ######.
 Metabolic Englaciation   Hex/Ice        #.........   100%        5    ######.
 Silence                  Hex/Air        #.........   100%        5    ######.
 Summon Demon             Summ           #.........   100%        5    ######.
 Summon Forest            Summ/Tloc      #.........   100%        5    ######.
 Summon Mana Viper        Hex/Summ       #.......     100%        5    ######.
 Yara's Violent Unravell  Hex/Tmut       #.........   100%        5    ######.
 Bolt of Cold             Conj/Ice       #.........   100%        6    #######
 Darkness                 Hex            #.........   100%        6    #######
 Deflect Missiles         Chrm/Air       #.........   100%        6    #######
 Freezing Cloud           Conj/Ice/Air   #.........   100%        6    #######
 Ozocubu's Refrigeration  Ice            #.........   100%        6    #######
 Shadow Creatures         Summ           N/A          100%        6    #######
 Simulacrum               Ice/Necr       #.........   100%        6    #######
 Statue Form              Tmut/Erth      #........    100%        6    #######
 Discord                  Hex            #.........   100%        8    #######


Dungeon Overview and Level Annotations

Branches:
Dungeon (15/15)            Temple (1/1) D:4            Lair (6/6) D:10
 Shoals (4/4) Lair:4       Spider (4/4) Lair:2        Slime (2/5) Lair:5
    Orc (2/2) D:9             Elf (0/3) Orc:2        Vaults (0/5) D:14
 Depths (0/5) D:15

Altars:
Ashenzari
Cheibriados
Dithmenos
Elyvilon
Fedhas
Gozag
Hepliaklqana
Kikubaaqudgha
Makhleb
Nemelex Xobeh
Okawaru
Qazlal
Ru
Sif Muna
Trog
Uskayaw
Vehumet
Wu Jian
Xom
Yredelemnul
Zin
The Shining One
Beogh

Shops:
D:5 }   D:6 (   D:15 %   Orc:2 =*[(

Portals:
Trove: D:11 (give +4 ice dragon scales)


Innate Abilities, Weirdness & Mutations

You are small and have problems with some larger weapons.
You are somewhat resistant to further mutation.


Message History

You are splashed with acid!
You resist.
The golden eye turns its gaze towards you.
Things that are here:
a stone; 2 bolts You bump into the slime covered rock wall.
You are splashed with acid!!
You resist.
* * * LOW HITPOINT WARNING * * *
Okay, then.
You're too confused!
You are splashed with acid.
You resist.
* * * LOW HITPOINT WARNING * * *
The golden eye turns its gaze towards you.
The golden eye blinks!
You bump into the slime covered rock wall.
You are splashed with acid!
You resist.
* * * LOW HITPOINT WARNING * * *
The golden eye blinks at you. You resist with some effort.
You are splashed with acid!!
You resist.
You die...

............###
...........##
.........###
..........#
.........###
..#.(.((((.##
............#
....(......###
...........#@##
....##(.....ยง(#
....(((....#.##
....(.....((((##
#...(......(.((#
...##(.((.((##
... #G...((##
#(...(##
#.....##


You could see a golden eye.

Vanquished Creatures
  Jorgrun (Shoals:2)
  4 acid blobs
  Polyphemus (Shoals:2)
  2 krakens
  An azure jelly (Lair:5)
  A ghost moth (shapeshifter) (D:13)
  Roxanne (Spider:3)
  5 ghost moths
  8 emperor scorpions
  An orc warlord (Orc:1)
  Aizul (Shoals:3)
  2 entropy weavers
  A white draconian (IceCv)
  3 spark wasps
  6 dire elephants (Lair:6)
  4 merfolk javelineers
  3 merfolk impalers
  3 great orbs of eyes (Slime:1)
  13 hydras
  A rakshasa (D:14)
  2 centaur warriors
  3 alligator snapping turtles
  6 merfolk avatars
  An anaconda (Lair:6)
  A death knight (D:12)
  Erica (D:11)
  A merfolk aquamancer (Shoals:4)
  3 two-headed ogres
  2 dancing weapons
  2 catoblepae
  9 death yaks
  A vampire mage (D:15)
  An orc high priest (Orc:2)
  Nergalle (Lair:3)
  Sonja (D:11)
  3 skeletal warriors
  2 unseen horrors
  9 sea snakes
  A wizard (D:9)
  4 orc knights
  10 harpies
  Pikel (D:6)
  A mana viper (shapeshifter) (D:9)
  19 orb spiders
  A necromancer (D:15)
  13 manticores
  2 deep elf magi
  3 orc sorcerers
  6 cyclopes
  16 ugly things
  7 oklob plants (Lair:5)
  11 fauns
  18 wolf spiders
  14 merfolk sirens
  A moth of wrath (Spider:2)
  An ice statue (IceCv)
  2 gargoyles
  9 elephants (Lair:6)
  4 black mambas
  7 water nymphs
  A spriggan zombie (D:15)
  10 spiny frogs
  The ghost of motoroller71 the Slasher, a novice HuGl (D:5)
  3 torpor snails
  A kobold demonologist (D:9)
  12 demonic crawlers
  8 komodo dragons
  8 rime drakes
  2 freezing wraiths
  2 yaktaur skeletons (D:15)
  19 jumping spiders
  10 trolls
  A harpy zombie (D:14)
  17 polar bears (IceCv)
  A queen bee (D:11)
  A wind drake (Shoals:3)
  3 meliai (D:14)
  A meliai (shapeshifter) (D:15)
  30 merfolk
  A harpy skeleton (D:15)
  8 snapping turtles
  11 hornets
  A hippogriff (shapeshifter) (D:15)
  45 slime creatures
  4 blink frogs (Lair:1)
  An ettin zombie (D:15)
  22 hippogriffs
  10 dream sheep
  A meliai zombie (D:15)
  A shadow (D:14)
  4 water elementals
  2 vampires
  69 redbacks
  8 wyverns
  44 orc warriors
  5 wraiths
  30 tarantellas
  A hungry ghost (D:15)
  3 golden eyes (Slime:2)
  55 yaks
  A vampire mosquito (D:9)
  7 basilisks
  3 wargs
  An acid dragon (D:12)
  9 water moccasins
  Duvessa (D:7)
  3 porcupines
  14 ice beasts
  A slave (D:6)
  2 black bears (D:9)
  5 eyes of draining
  3 necrophages
  6 sky beasts
  22 wolves
  2 phantoms
  18 ogres
  12 centaurs
  6 crocodiles
  3 big kobolds
  Blork the orc (Orc:2)
  15 bullfrogs
  A gnoll sergeant (D:10)
  2 wyvern skeletons
  A water moccasin zombie (D:9)
  6 scorpions
  Dowan (D:7)
  27 killer bees
  10 electric eels
  12 wights
  7 crimson imps
  3 howler monkeys
  3 centaur zombies
  2 bullfrog zombies
  28 orc priests
  3 jellies
  9 hounds
  45 orc wizards
  Crazy Yiuf (D:6)
  4 centaur skeletons
  2 bullfrog skeletons
  5 iguanas
  16 worker ants
  A killer bee zombie (D:6)
  A hound skeleton (D:4)
  7 gnolls
  2 howler monkey skeletons
  19 adders
  A river rat (D:3)
  3 shadow imps
  An ooze (D:4)
  3 adder skeletons
  5 worms
  4 dart slugs
  5 leopard geckos
  97 orcs
  3 bats
  7 giant cockroaches
  8 hobgoblins
  19 jackals
  3 quokkas
  4 ball pythons
  2 frilled lizards
  9 goblins
  2 jackal zombies (D:5)
  20 kobolds
  A leopard gecko skeleton (D:5)
  8 rats
  A plant (Lair:6)
  8 tentacles
1286 creatures vanquished.

Vanquished Creatures (collateral kills)
  A yak (IceCv)
  2 slaves (D:6)
  A centaur (D:7)
  An orc priest (D:7)
  2 orcs (D:7)
7 creatures vanquished.

Vanquished Creatures (others)
  A jumping spider (Spider:2)
  A yak (IceCv)
  A slave (D:6)
  14 fungi
  13 plants
  28 tentacles
  3 withered plants (D:15)
61 creatures vanquished.

Grand Total: 1354 creatures vanquished

Notes
Turn   | Place    | Note
-------+----------+-------------------------------------------
     0 | D:1      | PentaManta the Halfling Hunter began the quest for the Orb.
     0 | D:1      | Reached XP level 1. HP: 14/14 MP: 1/1
    36 | D:1      | You fall into a shaft and drop 1 floor!
    49 | D:2      | Found a stormy altar of Qazlal.
    78 | D:2      | Reached XP level 2. HP: 19/19 MP: 2/2
   184 | D:1      | Reached XP level 3. HP: 24/24 MP: 3/3
   429 | D:1      | Reached XP level 4. HP: 29/29 MP: 4/4
  1380 | D:3      | Found a glowing drain.
  1407 | D:3      | Reached XP level 5. HP: 8/34 MP: 5/5
  1494 | Sewer    | Entered a sewer
  1723 | Sewer    | Noticed a big kobold
  1747 | Sewer    | Killed a big kobold
  1799 | Sewer    | Found a white marble altar of Elyvilon.
  1880 | D:3      | Reached XP level 6. HP: 39/39 MP: 6/6
  2242 | D:3      | Reached skill level 10 in Slings
  2660 | D:3      | Found a glowing golden altar of the Shining One.
  3002 | D:4      | Reached XP level 7. HP: 44/44 MP: 7/7
  3478 | D:4      | Found a staircase to the Ecumenical Temple.
  3819 | D:5      | Entered Level 5 of the Dungeon
  3834 | D:4      | Reached skill level 1 in Armour
  3958 | Temple   | Entered the Ecumenical Temple
  4167 | Temple   | Became a worshipper of Warmaster Okawaru
  4221 | D:5      | Found a radiant altar of Vehumet.
  4310 | D:4      | Reached XP level 8. HP: 18/49 MP: 8/8
  4585 | D:5      | Found Casiemerr's Gadget Emporium.
  4753 | D:5      | Found a runed translucent door.
  4779 | D:5      | Reached * piety under Okawaru
  4897 | D:5      | Found a bloodstained altar of Trog.
  4901 | D:5      | Found a shattered altar of Ashenzari.
  4906 | D:5      | Found a sacrificial altar of Ru.
  4941 | D:5      | Reached skill level 5 in Dodging
  5005 | D:5      | Noticed motoroller71's ghost (novice HuGl)
  5339 | D:6      | Reached skill level 5 in Armour
  5361 | D:6      | Noticed Pikel
  5402 | D:6      | Killed Pikel
  5402 | D:6      | Reached ** piety under Okawaru
  5402 | D:6      | Reached XP level 9. HP: 26/54 MP: 9/9
  5572 | D:6      | Got an ichor-stained whip
  5649 | D:6      | Found Bocan's Antique Weapon Boutique.
  5948 | D:6      | Found a runed translucent door.
  5949 | D:6      | Noticed Crazy Yiuf
  6625 | D:7      | Found an opulent altar of Gozag.
  6731 | D:7      | Reached *** piety under Okawaru
  6746 | D:7      | Found a sparkling altar of Nemelex Xobeh.
  6796 | D:7      | Reached XP level 10. HP: 44/60 MP: 10/10
  7171 | D:7      | Noticed Dowan
  7175 | D:7      | Killed Dowan
  7175 | D:7      | Noticed Duvessa
  7211 | D:7      | Killed Duvessa
  8185 | D:8      | Found a blossoming altar of Fedhas.
  8280 | D:8      | Identified the +10 whip of Honour {protect, Dex+2} (You
                  | found it on level 6 of the Dungeon)
  8330 | D:8      | Reached **** piety under Okawaru
  8417 | D:9      | Received a gift from Okawaru
  8793 | D:5      | Bought a wand of acid (9) for 286 gold pieces
  8890 | D:6      | Killed Crazy Yiuf
  8990 | D:5      | Killed motoroller71's ghost
  9212 | D:9      | Reached skill level 10 in Dodging
  9254 | D:9      | Found a staircase to the Orcish Mines.
  9390 | D:9      | Reached ***** piety under Okawaru
  9450 | D:9      | Received a gift from Okawaru
  9588 | D:9      | Noticed a wizard
  9621 | D:9      | Killed a wizard
  9621 | D:9      | Received a gift from Okawaru
  9621 | D:9      | Reached skill level 10 in Armour
  9621 | D:9      | Reached XP level 11. HP: 65/70 MP: 11/11
 10080 | D:9      | Found a roughly hewn altar of Beogh.
 10430 | D:9      | Received a gift from Okawaru
 10569 | D:9      | Reached skill level 5 in Fighting
 10616 | D:9      | Received a gift from Okawaru
 10695 | D:9      | Noticed a two-headed ogre
 10725 | D:9      | Killed a two-headed ogre
 10964 | D:9      | Got an ancient brass ring
 11212 | D:9      | Received a gift from Okawaru
 11217 | D:9      | Got a smoking cloak {god gift}
 11644 | D:9      | Noticed an eight-headed hydra
 11676 | D:9      | Identified the +2 cloak "Raihuup" {rN+ MP-9 Int+8} (Okawaru
                  | gifted it to you on level 9 of the Dungeon)
 11678 | D:9      | Identified the ring "Ceewaux" {MR+ Int+2 SInv} (You found
                  | it on level 9 of the Dungeon)
 11857 | D:9      | Killed an eight-headed hydra
 12143 | D:10     | Entered Level 10 of the Dungeon
 12200 | D:9      | Reached XP level 12. HP: 69/80 MP: 3/12
 12234 | D:9      | Received a gift from Okawaru
 12434 | D:10     | Reached ****** piety under Okawaru
 12821 | D:10     | Found a staircase to the Lair.
 13590 | D:11     | Received a gift from Okawaru
 13631 | D:11     | HP: 4/81 [killer bee (9)]
 14113 | D:11     | Noticed Erica
 14123 | D:11     | Killed Erica
 14234 | D:11     | Noticed Sonja
 14488 | D:11     | Killed Sonja
 14893 | D:11     | Paralysed by a hornet for 1 turns
 14928 | D:11     | Found a portal to a secret trove of treasure.
 15814 | D:12     | Noticed an eight-headed hydra
 15836 | D:12     | Killed an eight-headed hydra
 16158 | D:12     | Found an iron altar of Okawaru.
 16421 | D:13     | Noticed an unseen horror
 16421 | D:13     | Noticed a centaur warrior
 16432 | D:13     | Noticed an eight-headed hydra
 16452 | D:12     | Killed an unseen horror
 16452 | D:12     | Reached XP level 13. HP: 73/89 MP: 4/13
 16457 | D:13     | Found a frozen archway.
 16484 | IceCv    | Entered an ice cave
 16905 | IceCv    | Reached skill level 1 in Crossbows
 16914 | IceCv    | Received a gift from Okawaru
 17094 | IceCv    | Reached skill level 2 in Crossbows
 17147 | IceCv    | Reached skill level 3 in Crossbows
 17176 | IceCv    | Received a gift from Okawaru
 17600 | IceCv    | Got a pair of scorched gloves {god gift}
 17611 | IceCv    | Identified the -1 pair of gloves of Compassion {rF- Regen+
                  | Str-4 Dex+9} (Okawaru gifted it to you in an ice cave)
 17755 | IceCv    | Reached skill level 4 in Crossbows
 17967 | IceCv    | Reached skill level 5 in Crossbows
 18429 | IceCv    | Reached skill level 6 in Crossbows
 18528 | IceCv    | Noticed a white draconian
 18607 | IceCv    | Killed a white draconian
 18607 | IceCv    | Reached skill level 7 in Crossbows
 18726 | IceCv    | Received a gift from Okawaru
 18742 | IceCv    | Identified the Guide on Snow
 18747 | IceCv    | Got a transparent ring mail
 18751 | IceCv    | Got pitted fire dragon scales
 18791 | IceCv    | Identified the +5 ring mail "Aloisch" {+Blink rF- Regen+
                  | Int+2} (You found it in an ice cave)
 18803 | IceCv    | Identified the +8 fire dragon scales of the Dolphin {rF++
                  | rC- Stlth+} (You found it in an ice cave)
 18876 | D:13     | Noticed a six-headed hydra
 18890 | D:13     | Killed a six-headed hydra
 18916 | D:13     | Killed a centaur warrior
 18919 | D:13     | Reached skill level 8 in Crossbows
 19084 | D:13     | Killed an eight-headed hydra
 19212 | D:13     | Reached XP level 14. HP: 98/98 MP: 5/14
 19322 | D:13     | Received a gift from Okawaru
 19322 | D:13     | Reached skill level 10 in Fighting
 19491 | D:13     | Reached skill level 9 in Crossbows
 19771 | D:13     | Noticed a ghost moth
 19795 | D:13     | Killed a ghost moth
 20048 | D:14     | Received a gift from Okawaru
 20203 | D:14     | Reached skill level 10 in Crossbows
 20321 | D:14     | Found a gate to the Vaults.
 20449 | D:14     | Received a gift from Okawaru
 20466 | D:14     | Identified a +1 pair of boots of running (Okawaru gifted it
                  | to you on level 14 of the Dungeon)
 20550 | D:14     | Got a translucent hunting sling
 20551 | D:14     | Identified the cursed +2 hunting sling of Laceration
                  | {velocity, rPois rF+ Str+5} (You found it on level 14 of
                  | the Dungeon)
 21553 | D:14     | Reached skill level 11 in Crossbows
 21783 | D:15     | Entered Level 15 of the Dungeon
 22030 | D:15     | Found Syergh's Food Shop.
 22181 | D:15     | Received a gift from Okawaru
 22319 | D:15     | Reached XP level 15. HP: 106/106 MP: 6/15
 22474 | D:15     | Reached skill level 12 in Crossbows
 22510 | D:15     | Received a gift from Okawaru
 22738 | D:15     | Found a staircase to the Depths.
 23403 | Lair:1   | Entered Level 1 of the Lair of Beasts
 23513 | Lair:1   | Reached skill level 13 in Crossbows
 23946 | Lair:1   | You fall into a shaft and drop 1 floor!
 24316 | Lair:2   | Found a stormy altar of Qazlal.
 24588 | Lair:2   | Found a hole to the Spider Nest.
 24799 | Lair:3   | Received a gift from Okawaru
 25374 | Lair:3   | Noticed Nergalle
 25402 | Lair:3   | Killed Nergalle
 26197 | Lair:4   | Reached skill level 14 in Crossbows
 26379 | Lair:4   | Found a staircase to the Shoals.
 26857 | Lair:5   | Found a staircase to the Slime Pits.
 27022 | Lair:5   | Received a gift from Okawaru
 27106 | Lair:5   | Got a polished helmet {god gift}
 27117 | Lair:5   | Identified the +1 helmet of the Slorg {MR- rCorr SInv}
                  | (Okawaru gifted it to you on level 5 of the Lair of Beasts)
 27187 | Lair:5   | Reached XP level 16. HP: 111/114 MP: 7/16
 27606 | Lair:5   | Reached skill level 15 in Crossbows
 28064 | Lair:6   | Entered Level 6 of the Lair of Beasts
 28786 | Lair:6   | Reached skill level 16 in Crossbows
 28847 | Lair:6   | Received a gift from Okawaru
 29022 | Lair:6   | Received a gift from Okawaru
 29442 | Lair:6   | Got a smoking long sword
 29443 | Lair:6   | Identified the +9 long sword of Unkeok {speed, Str+7 Dex+4}
                  | (You found it on level 6 of the Lair of Beasts)
 30021 | Lair:6   | Reached skill level 17 in Crossbows
 30247 | Lair:6   | Received a gift from Okawaru
 30586 | Spider:1 | Entered Level 1 of the Spider Nest
 30722 | Spider:1 | Received a gift from Okawaru
 31332 | Spider:1 | Reached XP level 17. HP: 65/119 MP: 8/17
 31826 | Spider:2 | Received a gift from Okawaru
 32897 | Spider:2 | Received a gift from Okawaru
 32901 | Spider:2 | Got a twisted plate armour {god gift}
 32942 | Spider:2 | Identified the +7 plate armour of Polish {+Blink rElec
                  | Int-2} (Okawaru gifted it to you on level 2 of the Spider
                  | Nest)
 33557 | Spider:2 | Reached skill level 18 in Crossbows
 34432 | Orc:1    | Entered Level 1 of the Orcish Mines
 35051 | Orc:1    | Found a roughly hewn altar of Beogh.
 35174 | Orc:2    | Entered Level 2 of the Orcish Mines
 35922 | Orc:1    | Paralysed by an orc sorcerer for 6 turns
 36348 | Orc:2    | Noticed Blork the orc
 36349 | Orc:2    | Found a roughly hewn altar of Beogh.
 36361 | Orc:2    | Killed Blork the orc
 36388 | Orc:1    | Received a gift from Okawaru
 36506 | Orc:2    | Found Duyr Jurgh's Antique Armour Emporium.
 36611 | Orc:2    | Found Geiqidd's General Store.
 36634 | Orc:2    | Found Taecroh's Jewellery Emporium.
 36690 | Orc:2    | Found a staircase to the Elven Halls.
 37126 | Orc:2    | Found Immimay's Antique Weapon Emporium.
 37697 | Shoals:1 | Entered Level 1 of the Shoals
 37726 | Lair:4   | Received a gift from Okawaru
 38145 | Shoals:1 | Reached XP level 18. HP: 126/126 MP: 18/18
 38486 | Shoals:1 | Reached skill level 19 in Crossbows
 38873 | Shoals:2 | Noticed Jorgrun
 38898 | Shoals:2 | Killed Jorgrun
 39530 | Shoals:2 | Noticed a kraken
 40336 | Shoals:2 | Killed a kraken
 40473 | Shoals:3 | Noticed Polyphemus
 40477 | Shoals:3 | Received a gift from Okawaru
 40777 | Shoals:2 | Killed Polyphemus
 40963 | Shoals:3 | Got an ancient hunting sling {god gift}
 40978 | Shoals:3 | Identified the +3 hunting sling "Buot" {velocity, rElec
                  | MR+} (Okawaru gifted it to you on level 3 of the Shoals)
 41056 | Shoals:3 | Reached skill level 15 in Armour
 41164 | Shoals:3 | Reached skill level 15 in Dodging
 42387 | Shoals:4 | Entered Level 4 of the Shoals
 42571 | Shoals:4 | Received a gift from Okawaru
 42741 | Shoals:4 | Noticed Aizul
 42777 | Shoals:3 | Killed Aizul
 42971 | Shoals:4 | Received a gift from Okawaru
 43585 | Shoals:4 | Reached skill level 20 in Crossbows
 43820 | Shoals:4 | Received a gift from Okawaru
 43872 | Shoals:4 | Identified the Disquisition on Snow
 43935 | Shoals:4 | Reached XP level 19. HP: 111/131 MP: 19/19
 44172 | Shoals:4 | Got a barnacled rune of Zot
 44917 | Orc:2    | Bought an uncursed ring of poison resistance for 300 gold
                  | pieces
 45073 | D:5      | Bought a wand of acid (7) for 242 gold pieces
 46253 | Spider:3 | Identified Roxanne's Volume of Shape Shifting
 46253 | Spider:3 | Noticed Roxanne
 46896 | Spider:3 | Killed Roxanne
 46980 | Spider:4 | Entered Level 4 of the Spider Nest
 47205 | Spider:3 | Received a gift from Okawaru
 47392 | Spider:4 | Received a gift from Okawaru
 47745 | Spider:4 | Received a gift from Okawaru
 47788 | Spider:4 | Got a pair of smoking gloves {god gift}
 47799 | Spider:4 | Identified the +0 pair of gloves of Polish {Str-5 Dex+7}
                  | (Okawaru gifted it to you on level 4 of the Spider Nest)
 48408 | Spider:4 | Reached skill level 21 in Crossbows
 49028 | Spider:4 | Got a gossamer rune of Zot
 49217 | Slime:1  | Entered Level 1 of the Pits of Slime
 49486 | Slime:1  | Received a gift from Okawaru
 49486 | Slime:1  | Reached XP level 20. HP: 139/139 MP: 20/20
 50810 | Slime:2  | Received a gift from Okawaru
 50942 | Slime:2  | Splashed with acid

Levels and vault maps discovered:
D:1:      minmay_arrival_three_doors, layout_loops_ring
D:2:      layout_basic, grunt_qazlal_clouds, kennysheep_generic_room_8
D:3:      layout_basic, nicolae_tso_carved_into_rock, first_ration,
          cheibrodos_sewer_entry_sluice
D:4:      layout_loops_corners, minmay_temple_entry_statues_pillars
D:5:      layout_cave_pools, minmay_overflow_temple_star_quad, vehumet_crystals,
          serial_shops, nicolae_shop_trees, ebering_ghost_sewer_d, minivault_25,
          minmay_manual_monstrance
D:6:      layout_basic, serial_shops, shop, uniq_crazy_yiuf_cottage, uniq_pikel
D:7:      layout_layer_cave, grunt_gozag_statues,
          nemelex_xobeh_ov_fountains_minmay, grunt_ogre_cave, uniq_duvessa
D:8:      layout_rooms, lemuel_tele_altar
D:9:      minmay_the_grid_square_5x5_4x4 [minmay_the_grid_square_5x5_six,
          minmay_the_grid_square_5x5_gyroscope,
          minmay_the_grid_square_5x5_two_small,
          minmay_the_grid_square_5x5_dogpile,
          minmay_the_grid_square_5x5_bracketed,
          minmay_the_grid_square_5x5_prize_waves,
          minmay_the_grid_square_5x5_prize_deathbox,
          minmay_the_grid_square_5x5_pentomino_r,
          minmay_the_grid_square_5x5_two, minmay_the_grid_square_5x5_prize_open,
          minmay_the_grid_square_5x5_prize_itemx,
          minmay_the_grid_square_5x5_meh,
          minmay_the_grid_square_5x5_two_walls_b,
          minmay_the_grid_square_5x5_mess, minmay_the_grid_square_5x5_inset,
          minmay_the_grid_square_5x5_three_small], layout_grid_maze,
          orc_0_dummy, special_room [special_room_orc]
D:10:     layout_layer_cave, lair_entry_dummy, minivault_24
D:11:     layout_basic, special_room [special_room_bee],
          nicolae_trove_entry_free_sample, uniq_sonja, uniq_erica
D:12:     layout_loops_ring, hangedman_glass_teeth, david_defended_altar_orc
D:13:     layout_cave_pools, gauntlet_entry_generic,
          portal_ice_cave_entry_ice_beasts, serial_column_ruins,
          column_ruins_corridor_straight, column_ruins_grid_1,
          column_ruins_open_small, column_ruins_grid_1, column_ruins_grid_3
D:14:     layout_basic, erik_vaults_1
D:15:     gammafunk_depths_entry_grave, layout_loops_ring, serial_shops,
          shop_coins, minivault_27
Temple:   dpeg_chambers_temple
Lair:1:   layout_misc_corridors, grunt_megastairs_2
Lair:2:   layout_long_grid, nicolae_spider_entry_orb_guardian, basic_altar
Lair:3:   layout_cave_pods, serial_bayou_lake_a, lemuel_fruit_fields,
          grunt_megastairs_3, uniq_nergalle
Lair:4:   layout_big_grid, elwin_shoals_entry_stream, infiniplex_staircase_pool
Lair:5:   dpeg_oklob_gauntlet, layout_long_grid, slime_dummy, special_room
          [special_room_mythical_zoo], minmay_lair_oklob_chamber
Lair:6:   due_jungle_book, layout_regular_city
Shoals:1: layout_shoals
Shoals:2: layout_shoals, nicolae_shoals_flooded_hall, uniq_jorgrun
Shoals:3: layout_shoals, ldierk_geyser, uniq_polyphemus
Shoals:4: shoals_end_hangedman, layout_shoals, uniq_aizul
Spider:1: layout_spider_delve
Spider:2: layout_spider_delve
Spider:3: layout_spider_delve, drop_trap, uniq_roxanne
Spider:4: spider_rune_water
Slime:1:  layout_caves, nicolae_slime_phagocytosis
Slime:2:  layout_caves, cheibrodos_slime_lost_civilization_7
Orc:1:    layout_caves, basic_altar
Orc:2:    grunt_orc_cross, layout_caves

Skill      XL: |  1  2  3  4  5  6  7  8  9 10 11 12 13 14 15 16 17 18 19 20 |
---------------+-------------------------------------------------------------+-----
Slings         | 6 7 8 9 11 12 14 | 14.0
Armour         | 2 6 8 10 11 12 13 14 15 16 | 16.0
Dodging        | 3 6 8 10 11 12 13 14 15 16 | 16.0
Fighting       | 4 6 8 9 11 12 13 | 13.2
Crossbows      | 8 11 14 17 18 20 21 | 21.7
Stealth        | |  1.1

Action                   |  1- 3 |  4- 6 |  7- 9 | 10-12 | 13-15 | 16-18 | 19-21 || total
-------------------------+-------+-------+-------+-------+-------+-------+-------++-------
Melee: Dagger            |       |       |       |     1 |       |       |       ||     1
       Unarmed           |       |       |       |       |       |     1 |       ||     1
       Arbalest          |       |       |       |       |       |       |     2 ||     2
 Fire: Hunting sling     |   102 |   241 |   536 |  1373 |   700 |   552 |       ||  3504
       Fustibalus        |       |       |       |       |  1648 |  2057 |   272 ||  3977
       Hand crossbow     |       |       |       |       |    81 |       |       ||    81
       Arbalest          |       |       |       |       |       |   552 |   968 ||  1520
Throw: Dart              |       |       |    15 |    44 |    22 |     9 |     7 ||    97
       Throwing net      |       |       |       |     1 |       |     4 |     5 ||    10
Invok: Heroism           |       |       |       |     4 |     4 |     4 |     3 ||    15
       Finesse           |       |       |       |       |     1 |     7 |     4 ||    12
Evoke: Wand              |       |       |       |    22 |    22 |     5 |       ||    49
  Use: Scroll            |       |    10 |       |    20 |     5 |    16 |     3 ||    54
       Potion            |       |       |     4 |     7 |     3 |     4 |     4 ||    22
  Eat: Chunk             |       |     6 |     7 |    20 |    20 |    29 |     7 ||    89
       Ration            |       |       |     1 |     2 |     3 |     5 |     4 ||    15
Armor: Leather armour    |     8 |     8 |       |       |       |       |       ||    16
       Ring mail         |       |     4 |    46 |    94 |       |       |       ||   144
       Gold dragon scale |       |       |       |   212 |   407 |       |       ||   619
       Fire dragon scale |       |       |       |       |   353 |   836 |   580 ||  1769
Dodge: Dodged            |    26 |    42 |   155 |   710 |  1300 |  2431 |  1790 ||  6454

Table legend:
 A = Non-vault XP
 B = Vault XP
 C = Vault XP percentage of total XP
 D = Non-vault monster count
 E = Vault monster count
 F = Vault count percentage of total count
                 A         B        C        D         E       F
            +---------+---------+-------+---------+---------+-------
      Total |  238787 |  115563 |  32.6 |     912 |     371 |  28.9
            +---------+---------+-------+---------+---------+-------
        D:1 |      77 |       0 |   0.0 |      32 |       0 |   0.0
        D:2 |      23 |      14 |  37.8 |       7 |       2 |  22.2
        D:3 |     219 |      21 |   8.8 |      29 |       4 |  12.1
        D:4 |     624 |       0 |   0.0 |      17 |       0 |   0.0
        D:5 |     698 |     596 |  46.1 |      24 |       7 |  22.6
        D:6 |     778 |     656 |  45.7 |      18 |       2 |  10.0
        D:7 |    1192 |     337 |  22.0 |      29 |       3 |   9.4
        D:8 |     247 |     644 |  72.3 |      11 |       6 |  35.3
        D:9 |    5688 |    6310 |  52.6 |      66 |      56 |  45.9
       D:10 |     997 |       0 |   0.0 |      14 |       0 |   0.0
       D:11 |    2825 |    3612 |  56.1 |      25 |      29 |  53.7
       D:12 |    4310 |     127 |   2.9 |      17 |       3 |  15.0
       D:13 |    9269 |    1862 |  16.7 |      31 |       9 |  22.5
       D:14 |   13118 |     904 |   6.4 |      38 |       1 |   2.6
       D:15 |    9673 |    4288 |  30.7 |      33 |       8 |  19.5
     Lair:1 |    6200 |     594 |   8.7 |      26 |       2 |   7.1
     Lair:2 |    1644 |     595 |  26.6 |       6 |       1 |  14.3
     Lair:3 |    4303 |    1369 |  24.1 |      18 |       3 |  14.3
     Lair:4 |    5544 |    1512 |  21.4 |      15 |       4 |  21.1
     Lair:5 |   10969 |   13385 |  55.0 |      28 |      37 |  56.9
     Lair:6 |   23196 |    2828 |  10.9 |      48 |       5 |   9.4
   Shoals:1 |   17023 |     587 |   3.3 |      36 |       2 |   5.3
   Shoals:2 |    6242 |    8716 |  58.3 |      11 |      11 |  50.0
   Shoals:3 |   12769 |    3371 |  20.9 |      25 |       3 |  10.7
   Shoals:4 |    9376 |   17324 |  64.9 |      19 |      24 |  55.8
   Spider:1 |    8143 |       0 |   0.0 |      18 |       0 |   0.0
   Spider:2 |   29399 |       0 |   0.0 |      74 |       0 |   0.0
   Spider:3 |   12988 |    1794 |  12.1 |      38 |       1 |   2.6
   Spider:4 |   12035 |   22564 |  65.2 |      28 |      46 |  62.2
    Slime:1 |   10766 |     274 |   2.5 |      24 |       1 |   4.0
    Slime:2 |   10529 |       0 |   0.0 |      18 |       0 |   0.0
      Orc:1 |    3210 |    2915 |  47.6 |      34 |       7 |  17.1
      Orc:2 |    4713 |    5188 |  52.4 |      55 |      31 |  36.0
      Sewer |       0 |     109 | 100.0 |       0 |       9 | 100.0
      IceCv |       0 |   13067 | 100.0 |       0 |      54 | 100.0
            +---------+---------+-------+---------+---------+-------
